 Dungeon Crawl Stone Soup version 0.31-a0-819-gf6de2f5ab6 (webtiles) character file.

Game seed: 8622601882422316228

106 qw the Shooter (level 4, 0/28 HPs)
             Began as a Gargoyle Hunter on Sept 23, 2023.
             Killed from afar by an orc wizard (6 damage)
             ... with a puff of flame
             ... on level 3 of the Dungeon.
             The game lasted 00:00:38 (1487 turns).

qw the Shooter (Gargoyle Hunter)                    Turns: 1487, Time: 00:00:38

Health: 0/28       AC:  6    Str: 15    XL:     4   Next: 84%
Magic:  4/4        EV: 11    Int:  9    God:
Gold:   77         SH:  0    Dex: 15    Spells: 3/3 levels left

rFire   . . .        Y - +0 shortbow
rCold   . . .        (shield currently unavailable)
rNeg    + . .        c - +0 leather armour
rPois   inf          (no helmet)
rElec   +            (no cloak)
rCorr   .            (no gloves)
SInv    .            (no boots)
Will    .....        (no amulet)
Stlth   +            (no ring)
HPRegen 0.24/turn    (no ring)
MPRegen 0.09/turn

%: no passive effects
@: confused
A: sickness immunity, AC +3, negative energy resistance 1, electricity
resistance, torment resistance 1, petrification resistance
a: no special abilities


You were on level 3 of the Dungeon.
You visited 1 branch of the dungeon, and saw 3 of its levels.

You collected 77 gold pieces.


Innate Abilities, Weirdness & Mutations

You are immune to sickness and miasma.
Your stone body is resilient. (AC +3)
You are immune to poison.
You resist negative energy. (rN+)
You are resistant to electric shocks. (rElec)
You are resistant to unholy torment.
You are immune to petrification.


   Skills:
 - Level 3.0 Fighting
 + Level 5.7 Ranged Weapons
 - Level 1.5 Dodging
 - Level 1.1 Stealth


You had 3 spell levels left.
You didn't know any spells.
Your spell library was empty.

Inventory:

Hand Weapons
 Y - a +0 shortbow (weapon)
Armour
 c - a +0 leather armour (worn)

Dungeon Overview and Level Annotations

Branches:
Dungeon (3/15)

Altars:

Shops:
D:1 ?


Message History

Something hits you.
You shoot an arrow. Something hits you.
You shoot an arrow. Something hits you.
1467 ||| FLEEEEING.
Something hits you.
1468 ||| FLEEEEING.
1469 ||| FLEEEEING.
Something hits you but does no damage.
1470 ||| FLEEEEING.
1471 ||| FLEEEEING.
1472 ||| FLEEEEING.
1473 ||| FLEEEEING.
There is an open door here.
1474 ||| STILL FLEEEEING.
1475 ||| FLEEEEING.
1476 ||| FLEEEEING.
1477 ||| FLEEEEING.
1478 ||| FLEEEEING.
You hear some strange, mumbled words.
You are confused.
You shoot an arrow.
A magic dart appears from out of thin air!
The magic dart hits you!
You shoot an arrow. Something hits you but does no damage.
You hear some strange, mumbled words.
A puff of flame appears from out of thin air!
The puff of flame hits you. Something hits you.
You feel less confused. Something hits you but does no damage.
1485 ||| FLEEEEING.
You hear some strange, mumbled words.
You are confused.
You hear some strange, mumbled words.
A puff of flame appears from out of thin air!
The puff of flame hits you.
You die...

..##....# ## #....#
####.# #8###8##.#
### .......'.# #.#
#8###8##o# #.#
########.# #.#
#........#######.#
#........o{@.....###
#.......######.....#
#.......# #.#...#
#....%..# #.#.#.#
#.......# #.#.#<#
##.###### #.#.###
#.. #.#.# #. #.#.#
#.#.#


You could see an orc.

Vanquished Creatures
  An orc wizard (D:3)
  2 adders (D:2)
  A worm (D:2)
  2 dart slugs (D:2)
  5 orcs (D:3)
  4 ball pythons
  6 bats
  7 endoplasms
  3 giant cockroaches
  3 goblins (D:2)
  4 hobgoblins
  5 kobolds
  A quokka (D:1)
  A frilled lizard (D:3)
  2 rats (D:1)
47 creatures vanquished.

Notes
Turn   | Place    | Note
-------+----------+-------------------------------------------
     0 | D:1      | qw the Gargoyle Hunter began the quest for the Orb.
     0 | D:1      | Reached XP level 1. HP: 12/12 MP: 1/1
     0 | D:1      | 0 ||| qw: Version: 0.3-a-83-gcd0e7d8
     0 | D:1      | 0 ||| qw: Game counter: 1431
     0 | D:1      | 0 ||| qw: Melee chars always use a shield: true
     0 | D:1      | 0 ||| qw: God list: Okawaru
     0 | D:1      | 0 ||| qw: Allow faded altars: false
     0 | D:1      | 0 ||| qw: Do Orc after clearing Dungeon:15 true
     0 | D:1      | 0 ||| qw: Do second Lair branch before Depths: true
     0 | D:1      | 0 ||| qw: Lair rune preference: random
     0 | D:1      | 0 ||| qw: Goals: Normal
     0 | D:1      | 0 ||| PLANNING D:1-11
   277 | D:1      | Found a faded altar of an unknown god.
   287 | D:1      | Reached XP level 2. HP: 17/17 MP: 2/2
   651 | D:1      | Found Tepibeh's Magic Scroll Shop.
   654 | D:1      | 654 ||| SHOPLISTING 2 scrolls of enchant armour (150 gold,
                  | have 17).
   654 | D:1      | 654 ||| SHOPLISTING 3 scrolls of enchant weapon (225 gold,
                  | have 17).
   767 | D:1      | 767 ||| READING scroll labelled VIENNYVUAC.
   768 | D:1      | 768 ||| READING scroll labelled VIOTWI VAIW.
   769 | D:1      | 769 ||| READING scroll labelled ECAOS FULO.
   770 | D:1      | 770 ||| DROPPING scroll of butterflies.
   794 | D:2      | 794 ||| STAIRDANCE
   813 | D:2      | Reached XP level 3. HP: 15/21 MP: 3/3
   813 | D:2      | 813 ||| STAIRDANCE
   848 | D:2      | 848 ||| FLEEEEING.
   850 | D:2      | 850 ||| STAIRDANCE
   875 | D:2      | Reached skill level 5 in Ranged Weapons
   996 | D:2      | Reached skill level 3 in Fighting
  1027 | D:2      | Reached XP level 4. HP: 27/28 MP: 4/4
  1375 | D:2      | 1375 ||| DROPPING ring of magical power.
  1376 | D:2      | 1376 ||| READING scroll labelled SEPPEH IFITH.
  1377 | D:2      | 1377 ||| DRINKING 2 silvery potions.
  1454 | D:3      | 1454 ||| DRINKING potion of curing.
  1454 | D:3      | 1454 ||| (to cure confusion)
  1456 | D:3      | 1456 ||| Stepping ~*~*~tactically~*~*~ (retreating).
  1467 | D:3      | 1467 ||| FLEEEEING.
  1468 | D:3      | 1468 ||| FLEEEEING.
  1469 | D:3      | 1469 ||| FLEEEEING.
  1470 | D:3      | 1470 ||| FLEEEEING.
  1471 | D:3      | 1471 ||| FLEEEEING.
  1472 | D:3      | 1472 ||| FLEEEEING.
  1473 | D:3      | 1473 ||| FLEEEEING.
  1475 | D:3      | 1475 ||| FLEEEEING.
  1476 | D:3      | 1476 ||| FLEEEEING.
  1477 | D:3      | 1477 ||| FLEEEEING.
  1478 | D:3      | 1478 ||| FLEEEEING.
  1482 | D:3      | HP: 6/28 [something/puff of flame (5)]
  1485 | D:3      | 1485 ||| FLEEEEING.
  1487 | D:3      | Killed from afar by an orc wizard

Levels and vault maps discovered:
D:1:      amcnicky_arrival_gap_in_the_tavern_cellar, layout_basic, serial_shops,
          nicolae_shop_rolled_up, basic_ecumenical_altar
D:2:      cheibrodos_old_hovel, layout_basic
D:3:      layout_basic, nicolae_qazlal_style_of_elements, serial_park_tiny_2,
          dk_noncrumbling_2

Skill      XL: |  1  2  3 |
---------------+----------+-----
Ranged Weapons | 5 |  5.7
Fighting       | 3 |  3.0
Dodging        | |  1.5
Stealth        | |  1.1

Action                     |  1- 3 |  4- 6 || total
---------------------------+-------+-------++-------
   Fire: Shortbow          |   102 |    35 ||   137
    Use: Scroll            |     3 |     1 ||     4
         Potion            |       |     2 ||     2
 Armour: Leather armour    |    18 |    25 ||    43
  Dodge: Dodged            |    19 |     5 ||    24

Table legend:
 A = Non-vault XP
 B = Vault XP
 C = Vault XP percentage of total XP
 D = Non-vault monster count
 E = Vault monster count
 F = Vault count percentage of total count
                 A         B        C        D         E       F
            +---------+---------+-------+---------+---------+-------
      Total |     150 |       2 |   1.3 |      46 |       1 |   2.1
            +---------+---------+-------+---------+---------+-------
        D:1 |      30 |       0 |   0.0 |      18 |       0 |   0.0
        D:2 |      67 |       2 |   2.9 |      20 |       1 |   4.8
        D:3 |      53 |       0 |   0.0 |       8 |       0 |   0.0
            +---------+---------+-------+---------+---------+-------
